 Dungeon Crawl Stone Soup version 0.17.2-1-ge4368a0 (webtiles) character file.

305196 Goblin1989 the Marksdemonspawn (level 20, 0/181 HPs)
             Began as a Demonspawn Artificer on Mar 14, 2017.
             Was the Champion of Okawaru.
             Killed by the air
             ... invoked by a titan
              (33 damage)
             ... on level 4 of the Vaults on Mar 15, 2017.
             The game lasted 03:05:18 (44146 turns).

Goblin1989 the Marksdemonspawn (DsAr)              Turns: 44146, Time: 03:05:19

Health: 0/181      AC: 34    Str: 22    XL:     20   Next: 28%
Magic:  29/34      EV: 12    Int: 16    God:    Okawaru [******]
Gold:   2006       SH:  0    Dex: 20    Spells: 5 memorised, 3 levels left

rFire  + . .     SeeInvis +     b - +8 bow of Krishna "Sharnga" {speed, Dex+3 SInv}
rCold  . . .     Clarity  .     x - +0 crystal plate armour
rNeg   + + .     SustAt   .     (shield currently unavailable)
rPois  +         Gourm    .     X - +2 hat of Gluttony {rF+ rN+}
rElec  .         Spirit   .     S - +1 cloak {rPois}
rCorr  .         Warding  .     (gloves unavailable)
rMut   .         Stasis   .     d - +0 pair of boots
MR     +++..                    h - amulet of Vitality {Regen+ HP+15}
Stlth  ..........               m - ring of protection from magic
                                g - ring "Ixzuipu" {rPois MR+ MP+9 Str+3}

@: finesse, very slightly contaminated, extremely resistant to hostile
enchantments, extremely unstealthy
A: claws 3, rugged brown scales 3, agile 1, clever 1, foul stench 1, negative
energy resistance 1, powered by death 2, 50% torment resistance, rot immunity
a: Heroism, Finesse, Renounce Religion
}: 2/15 runes: decaying, serpentine


You were on level 4 of the Vaults.
You worshipped Okawaru.
Okawaru was exalted by your worship.
You were not hungry.

You visited 6 branches of the dungeon, and saw 39 of its levels.
You also visited: Labyrinth.

You collected 5033 gold pieces.
You spent 3027 gold pieces at shops.

Inventory:

Hand Weapons
 b - the +8 bow of Krishna "Sharnga" (weapon) {speed, Dex+3 SInv}
   (You found it on level 3 of the Orcish Mines)

   Attacks with this weapon are significantly faster.
   It affects your dexterity (+3).
   It lets you see invisible.
Missiles
 n - 814 arrows
 w - 25 arrows of frost
 z - 64 poisoned arrows (quivered)
 K - 55 arrows of dispersal
 Y - 132 arrows of flame
Armour
 d - a +0 pair of boots (worn)
 x - a +0 crystal plate armour (worn)
 S - a +1 cloak of poison resistance (worn)
 X - the +2 hat of Gluttony (worn) {rF+ rN+}
   (You acquired it on level 6 of the Lair of Beasts)

   It protects you from fire.
   It protects you from negative energy.
Jewellery
 c - a ring of protection from cold
 g - the ring "Ixzuipu" (left claw) {rPois MR+ MP+9 Str+3}
   (You took it off an orc on level 3 of the Orcish Mines)

   [ring of protection from magic]

   It affects your strength (+3).
   It protects you from poison.
   It affects your resistance to hostile enchantments.
   It affects your magic capacity (+9).
 h - the amulet of Vitality (around neck) {Regen+ HP+15}
   (You bought it in a shop on level 2 of the Snake Pit)

   [amulet of regeneration]

   It affects your health (+15).
   It increases your rate of regeneration.
 m - a ring of protection from magic (right claw)
 q - the ring of Nufroydgh {rF+ Str+3 Dex+3 Slay+3}
   (You found it in a labyrinth)

   [ring of strength]

   It affects your strength (+3).
   It affects your dexterity (+3).
   It affects your accuracy and damage with ranged weapons and melee attacks
   (+3).
   It protects you from fire.
 A - a cursed ring of loudness {unknown}
Wands
 r - a wand of teleportation (3) {@v3, !v}
 y - a wand of hasting (3) {@v2, !v}
 E - a wand of disintegration (7)
Scrolls
 l - 10 scrolls of immolation
 s - 2 scrolls of acquirement
 u - 6 scrolls of recharging
 D - 18 scrolls of remove curse {@r2}
 H - 10 scrolls of fog
 M - 3 scrolls of magic mapping
 O - 3 scrolls of enchant armour
 P - 3 scrolls of fear
 R - 17 scrolls of identify {@r1}
 T - 11 scrolls of teleportation {!r, @r3}
Potions
 a - 5 potions of might
 f - 3 potions of berserk rage
 i - 7 potions of haste {@q3, !q}
 j - a potion of resistance
 o - 3 potions of agility
 t - 10 potions of curing {@q1}
 v - a potion of ambrosia
 U - 5 potions of heal wounds {@q2, !q}
 W - 2 potions of flight
Books
 p - a book of Beasts

   Spells                             Type                      Level
   a - Summon Butterflies             Summoning                    1
   b - Call Canine Familiar           Summoning                    3
   c - Summon Ice Beast               Ice/Summoning                4
   d - Summon Mana Viper              Hexes/Summoning              5
   e - Summon Hydra                   Summoning                    7
Miscellaneous
 k - a legendary deck of escape {Solitude}
 C - a sack of spiders
Comestibles
 e - 21 bread rations {@e1}
 F - 5 chunks of flesh
 N - 10 slices of pizza
 Z - 15 meat rations {@e2}


   Skills:
 + Level 13.3 Fighting
   Level 0.8 Short Blades
 * Level 20.5 Bows
 + Level 16.6 Armour
 + Level 12.7 Dodging
 - Level 0.8 Stealth
   Level 5.8 Shields
 + Level 13.7 Unarmed Combat
 - Level 7.0 Invocations
 - Level 3.0 Evocations


You had 3 spell levels left.
You knew the following spells:

 Your Spells              Type           Power        Failure   Level  Hunger
o - Apportation           Tloc           #.........   100%        1    ##.....
p - Phase Shift           Tloc           #.........   100%        5    ######.
y - Song of Slaying       Chrm           #.......     100%        2    ###....
A - Aura of Abjuration    Summ           #.........   100%        5    ######.
R - Regeneration          Chrm/Necr      #.........   100%        3    ####...


Dungeon Overview and Level Annotations

Branches:
Dungeon (15/15)            Temple (0/1) D:5            Lair (8/8) D:10
  Swamp (4/4) Lair:5        Snake (4/4) Lair:6        Slime (0/6) Lair:8
    Orc (4/4) D:9             Elf (0/3) Orc:4        Vaults (4/5) D:13
  Crypt (0/3) Vaults:3     Depths (0/5) D:15

Altars:
Ashenzari
Fedhas
Kikubaaqudgha
Makhleb
Nemelex Xobeh
Okawaru
Ru
Sif Muna
Vehumet
Yredelemnul
Beogh
Jiyva

Shops:
D:4 :%[   D:8 [=!*   D:12 (   D:14 ?   Orc:1 (:   Orc:2 }   Orc:4 :[[(*
Snake:2 ===%

Annotations:
D:8 exclusion: door
D:9 1 runed door
D:11 2 runed doors


Innate Abilities, Weirdness & Mutations

You have claws for hands.
You are completely covered in rugged brown scales (AC +3, +7% HP).
You may emit foul miasma when damaged in melee.
You resist negative energy.
You regenerate health from kills.
You are somewhat able to resist unholy torments (1 in 2 success).
You are immune to rotting.
You are agile. (Dex +2)
Your mind is acute. (Int +2)


Message History

The deep troll is severely wounded.
You regained 2 hp, and now have 176/181 hp.
Firing (i - inventory. (,) - cycle):
z - 7 poisoned arrows (quivered)
Press: ? - help, Shift-Dir - straight line, f/p - deep troll
Aim: a deep troll (severely wounded, poisoned)
You shoot a poisoned arrow.
The poisoned arrow barely misses the deep troll.
The deep troll completely misses you. The deep troll closely misses you.
The deep troll claws you but does no damage.
Firing (i - inventory. (,) - cycle):
z - 6 poisoned arrows (quivered)
Press: ? - help, Shift-Dir - straight line, f/p - deep troll
Aim: a deep troll (severely wounded, poisoned)
You shoot a poisoned arrow. The poisoned arrow hits the deep troll!
The deep troll is almost dead.
Firing (i - inventory. (,) - cycle):
z - 5 poisoned arrows (quivered)
Press: ? - help, Shift-Dir - straight line, f/p - deep troll
Aim: a deep troll (almost dead, poisoned)
You shoot a poisoned arrow. The poisoned arrow hits the deep troll.
The deep troll is almost dead.
The deep troll misses you. The deep troll barely misses you.
The deep troll closely misses you.
Firing (i - inventory. (,) - cycle):
z - 4 poisoned arrows (quivered)
Press: ? - help, Shift-Dir - straight line, f/p - deep troll
Aim: a deep troll (almost dead, poisoned)
You shoot a poisoned arrow. The poisoned arrow hits the deep troll!
You kill the deep troll!
Okawaru accepts your kill.
Health restored: 181 Unknown command.
No target in view!
No target in view!
No target in view!
No target in view!
z - 48 poisoned arrows (gained 45)
Items here: )))) [[[[ †
Okay, then.
You butcher the deep troll corpse.
F - 6 chunks of flesh
Items here: )))) [[[[[ ÷
z - 61 poisoned arrows (gained 13)
Things that are here:
a glaive; a chain mail
z - 62 poisoned arrows (gained 1)
There is an open door, spattered with blood here.
There isn't anything here!
Eating one of 6 chunks of flesh.
This raw flesh tastes terrible.
You continue eating. x2
z - 65 poisoned arrows (gained 3)
Things that are here:
a great sword; a chain mail; a human corpse You open the large door.
A storm dragon, a sphinx, a titan and a shock serpent come into view.
The shock serpent hisses angrily.
The titan shouts!
The storm dragon roars!
The sphinx shouts!
A deep elf annihilator and a tengu reaver come into view.
The deep elf annihilator shouts!
The shock serpent changes into a death drake!
The deep elf annihilator casts a spell at you.
The bolt of lightning hits you!
You take 25 damage, and have 156/181 hp.
You feel less regenerative.
The storm dragon breathes lightning at you.
The bolt of lightning hits the titan.
The titan completely resists.
The bolt of lightning hits you!
There is an open door, spattered with blood here.
You take 23 damage, and have 134/181 hp.
The death drake changes into an elephant!
The titan casts a spell at you. The bolt of lightning hits you!
* * * LOW HITPOINT WARNING * * *
Things that are here:
a glaive; a chain mail You take 57 damage, and have 77/181 hp.
MASSIVE DAMAGE!!
You can now deal lightning-fast blows.
You feel somewhat more hungry.
The sphinx casts a spell.
Something smites you!
* * * LOW HITPOINT WARNING * * *
The deep elf annihilator gestures wildly while chanting.
The deep elf annihilator blinks!
You take 11 damage, and have 66/181 hp.
You now have 29/34 mp.
Firing (i - inventory. (,) - cycle):
z - 65 poisoned arrows (quivered)
Press: ? - help, Shift-Dir - straight line, f - titan
Aim: a titan You shoot a poisoned arrow.
The poisoned arrow hits the titan!!
The titan is poisoned.
The titan is moderately wounded.
The storm dragon breathes lightning at you.
The bolt of lightning hits the titan.
The titan completely resists.
The bolt of lightning hits you!
* * * LOW HITPOINT WARNING * * *
You take 34 damage, and have 32/181 hp.
Read which item? (? for menu, Esc to quit)
Blink to where?
Press: ? - help, Dir - move target cursor, p - titan You are very lightly contaminated with residual magic.
As you read the scroll of blinking, it crumbles to dust.
The titan waves its arms in wide circles.
The air twists around and strikes you!
You die...

█..██....█.....█..........
█..██...)███████.......... .
█..██....))....█.......... ..
█..███████..████.......... ...
█..██.).....█..█.......... ....
█..███∆██...█..∆.......... Q....
█..██...█...∆.)█..........
......█.)██...█...█..█..........
......∆...█████@█∆████..........
......YDH.C§[...█....█>.........
......█..██████(█....█..........
......█..██.).∆.█....█..........
..... █..██.))█.█....███████▲███
..... █..██.).█.█....█ █.......█
.... █..██...█.█....█ █.......█
.... █..█████████████ █.......∆
█..█ █.......█


You could see a titan and a sphinx.

Vanquished Creatures
  Asterion (Snake:4)
  A sphinx (Vaults:3)
  Frances (D:13)
  Kirke (Swamp:2)
  3 thorn hunters
  A fire giant (Vaults:3)
  A frost giant (Vaults:2)
  9 greater nagas
  Donald (Swamp:1)
  3 orc warlords
  7 vault wardens
  Aizul (Swamp:1)
  8 ironheart preservers
  3 stone giants
  A vampire knight (Vaults:3)
  A salamander stormcaller (Vaults:1)
  4 ettins (Vaults:3)
  A minotaur (Lab)
  13 vault guards
  A fire dragon (D:14)
  2 great orbs of eyes
  Josephine (D:11)
  13 anacondas
  8 yaktaur captains
  23 hydras
  A rakshasa (Vaults:2)
  A catoblepas (Lair:8)
  10 naga warriors
  The ghost of pedritolo the Unseen, a journeyman SpEn of Ashenzari (Swamp:4)
  2 ghost crabs (Swamp:2)
  8 centaur warriors
  5 death yaks (Lair:8)
  8 ogre magi
  3 deep troll shamans
  7 alligators
  8 naga sharpshooters
  7 shock serpents
  Urug (D:13)
  4 orc high priests (Orc:4)
  A storm dragon zombie (Vaults:2)
  4 deep troll earth magi
  Sonja (Lair:2)
  2 deep elf knights
  An unseen horror (shapeshifter) (D:14)
  11 deep trolls
  A spriggan druid (Swamp:3)
  18 orc knights
  6 hill giants
  14 swamp dragons
  5 sea snakes (Snake:3)
  An unseen horror (D:10)
  12 ironbrand convokers
  A giant orange brain (Vaults:3)
  4 wizards
  3 shambling mangroves
  15 naga ritualists
  A tengu zombie (Vaults:4)
  2 deep elf conjurers (Vaults:3)
  22 ugly things
  2 necromancers
  A lindwurm (Lair:8)
  3 wolf spiders
  9 salamanders
  7 orc sorcerers
  5 cyclopes
  A sphinx skeleton (Vaults:2)
  3 manticores
  10 mana vipers
  3 griffons
  13 elephants
  A human skeleton (Vaults:4)
  24 naga magi
  4 hornets
  Joseph (D:9)
  14 vault sentinels
  A centaur zombie (D:14)
  3 centaur skeletons
  56 black mambas
  A torpor snail (Lair:4)
  13 komodo dragons
  A gargoyle (D:15)
  3 guardian serpents
  27 spiny frogs
  5 kobold demonologists
  An efreet (D:15)
  32 yaktaurs
  2 deep elf priests
  2 fire drakes
  6 trolls
  10 giant leeches
  17 two-headed ogres
  A human simulacrum (Vaults:3)
  A jumping spider (Vaults:4)
  18 slime creatures
  12 bog bodies
  Grinder (D:6)
  A polar bear (Lair:8)
  6 freezing wraiths
  2 ettin zombies (Vaults:2)
  36 blink frogs
  A boulder beetle (Vaults:4)
  3 trapdoor spiders
  4 deep elf magi
  3 vampires (Vaults:3)
  4 wyverns
  4 redbacks
  An ettin skeleton (Vaults:2)
  A shadow (Swamp:2)
  6 deep elf fighters
  4 wraiths (D:11)
  A spriggan (shapeshifter) (Vaults:4)
  2 spriggans (Swamp:2)
  65 yaks
  9 hippogriffs
  A basilisk (shapeshifter) (Vaults:1)
  2 basilisks
  A hog (shapeshifter) (Vaults:1)
  A human (D:7)
  24 vampire mosquitoes
  6 wolves (Lair:8)
  11 wargs
  3 hungry ghosts
  2 steam dragons
  19 swamp worms
  19 insubstantial wisps
  2 hogs
  A mottled dragon (Vaults:2)
  34 nagas
  12 water moccasins
  2 sky beasts
  16 swamp drakes
  14 ice beasts
  46 orc warriors
  8 black bears
  A black bear (shapeshifter) (D:11)
  8 porcupines
  39 ogres
  2 eyes of draining
  7 wasps
  15 centaurs
  7 phantoms
  11 crocodiles
  5 boggarts (Vaults:3)
  A human zombie (Vaults:4)
  11 big kobolds
  A brain worm (D:12)
  A water moccasin zombie (D:6)
  27 giant frogs
  A wyvern skeleton (D:6)
  3 scorpions
  14 killer bees
  12 wights
  9 crimson imps
  3 electric eels
  4 jellies
  2 giant frog zombies
  4 hounds
  39 orc wizards
  36 orc priests
  11 worker ants
  Jessica (D:2)
  A giant frog skeleton (D:12)
  3 iguanas
  A killer bee zombie (D:11)
  36 sheep
  A hound skeleton (D:9)
  17 adders
  10 gnolls
  58 river rats
  A shadow imp (D:6)
  2 oozes
  3 adder zombies
  2 adder skeletons
  2 worms
  3 giant geckos
  239 orcs
  2 giant cockroaches
  4 goblins
  10 hobgoblins
  13 jackals
  4 quokkas
  4 ball pythons
  12 bats
  7 giant newts
  A jackal skeleton (D:4)
  65 kobolds
  10 rats
  2 fungi (Swamp:4)
  A plant (Lair:8)
1780 creatures vanquished.

Vanquished Creatures (collateral kills)
  6 yaks (Lair:5)
  A kobold (D:1)
7 creatures vanquished.

Vanquished Creatures (others)
  A giant orange brain (Vaults:1)
  An ironbrand convoker (Vaults:1)
  A yaktaur (Vaults:1)
  A bog body (Swamp:4)
  A crocodile (D:13)
  A sheep (Lair:7)
  An orc (Orc:4)
  A jackal (D:1)
  2 briar patches (Swamp:4)
  3 fire vortices (Vaults:1)
  33 fungi
  22 plants
68 creatures vanquished.

Grand Total: 1855 creatures vanquished

Notes
Turn   | Place    | Note
--------------------------------------------------------------
     0 | D:1      | Goblin1989 the Demonspawn Artificer began the quest for the Orb.
     0 | D:1      | Reached XP level 1. HP: 15/15 MP: 3/3
   734 | D:1      | Gained mutation: You have sharp fingernails. [demonic ancestry]
   734 | D:1      | Reached XP level 2. HP: 19/22 MP: 4/4
  1068 | D:1      | Reached skill level 1 in Unarmed Combat
  1538 | D:2      | Gained mutation: You have very sharp fingernails. [demonic ancestry]
  1538 | D:2      | Reached XP level 3. HP: 23/28 MP: 5/5
  1840 | D:2      | Found an iron altar of Okawaru.
  1996 | D:2      | Noticed Jessica
  2001 | D:2      | Killed Jessica
  2001 | D:2      | Reached skill level 1 in Armour
  2001 | D:2      | Reached XP level 4. HP: 32/34 MP: 6/6
  2167 | D:2      | Became a worshipper of Warmaster Okawaru
  2567 | D:3      | Found an ancient bone altar of Kikubaaqudgha.
  2763 | D:3      | Gained mutation: You are partially covered in rugged brown scales (AC +1, +3% HP). [demonic ancestry]
  2763 | D:3      | Reached XP level 5. HP: 34/41 MP: 7/7
  3529 | D:3      | Found an iron altar of Okawaru.
  3770 | D:3      | Noticed a sky beast
  3820 | D:3      | Killed a sky beast
  3820 | D:3      | Gained mutation: You regenerate a little health from kills. [demonic ancestry]
  3820 | D:3      | Reached XP level 6. HP: 22/48 MP: 8/8
  4008 | D:3      | Noticed a big kobold
  4017 | D:3      | Killed a big kobold
  4017 | D:3      | Reached * piety under Okawaru
  4017 | D:3      | Reached skill level 4 in Unarmed Combat
  4093 | D:3      | Noticed a big kobold
  4114 | D:3      | Killed a big kobold
  4114 | D:3      | Reached XP level 7. HP: 54/54 MP: 7/9
  4256 | D:3      | Noticed a big kobold
  4260 | D:3      | Noticed a big kobold
  4262 | D:3      | Killed a big kobold
  4277 | D:3      | Killed a big kobold
  4737 | D:4      | Reached skill level 5 in Unarmed Combat
  4869 | D:4      | Found Yriockycots's Armour Shoppe.
  4882 | D:4      | Bought a +0 pair of boots for 58 gold pieces
  4913 | D:4      | Found Sazutudgh's Food Shoppe.
  4942 | D:4      | Found Neamuq's General Store.
  4980 | D:4      | Reached skill level 1 in Shields
  5120 | D:4      | Found Ciotow's Book Emporium.
  5374 | D:5      | Entered Level 5 of the Dungeon
  5406 | D:4      | Gained mutation: You have claws for hands. [demonic ancestry]
  5406 | D:4      | Reached XP level 8. HP: 49/62 MP: 10/10
  5415 | D:4      | Gained mutation: You can spit weak poison. [mutagenic meat]
  5416 | D:4      | Gained mutation: You have sharp toenails. [mutagenic meat]
  5417 | D:4      | Gained mutation: Your body sometimes deteriorates upon taking damage. [mutagenic meat]
  5418 | D:4      | Gained mutation: Your system is resistant to poisons. [mutagenic meat]
  5614 | D:5      | Found a radiant altar of Vehumet.
  5698 | D:5      | Reached ** piety under Okawaru
  5698 | D:5      | Reached skill level 6 in Unarmed Combat
  5775 | D:5      | Reached skill level 5 in Fighting
  5849 | D:5      | Found a staircase to the Ecumenical Temple.
  6452 | D:6      | Noticed Grinder
  6469 | D:6      | Killed Grinder
  6469 | D:6      | Reached *** piety under Okawaru
  6469 | D:6      | Reached skill level 7 in Unarmed Combat
  6469 | D:6      | Reached XP level 9. HP: 58/71 MP: 11/11
  7005 | D:7      | Found a shattered altar of Ashenzari.
  7039 | D:7      | Learned a level 2 spell: Song of Slaying
  7043 | D:7      | Learned a level 3 spell: Regeneration
  7105 | D:8      | Found Xegrabur's Assorted Antiques.
  7113 | D:8      | Bought a scroll labeled WICO TOLIG for 29 gold pieces
  7113 | D:8      | Bought a dark potion for 26 gold pieces
  7113 | D:8      | Bought a scroll labeled IMAONT INWAN for 29 gold pieces
  7113 | D:8      | Bought a glowing blue potion for 26 gold pieces
  7113 | D:8      | Bought a scroll of identify for 58 gold pieces
  7154 | D:8      | Reached skill level 8 in Unarmed Combat
  7172 | D:8      | Found a deep blue altar of Sif Muna.
  7227 | D:8      | Found Ferem's Distillery.
  7255 | D:8      | Bought a potion of heal wounds for 75 gold pieces
  7255 | D:8      | Bought a potion of poison for 15 gold pieces
  7277 | D:8      | Got a polished mace
  7282 | D:8      | Identified the +11 mace of the Last Places {crush, MR+} (You found it on level 8 of the Dungeon)
  7358 | D:8      | Found Vohegiat's Jewellery Shoppe.
  7386 | D:8      | Found a sparkling altar of Nemelex Xobeh.
  7479 | D:8      | Found Holl's Antique Armour Boutique.
  7482 | D:8      | Bought a runed cloak for 94 gold pieces
  7482 | D:8      | Bought a runed helmet for 94 gold pieces
  7549 | D:9      | Found a runed door.
  7554 | D:9      | Found a basalt altar of Yredelemnul.
  7757 | D:9      | Found a staircase to the Orcish Mines.
  7897 | D:9      | Found an iron altar of Okawaru.
  7898 | D:9      | Noticed Joseph
  7930 | D:9      | Killed Joseph
  7930 | D:9      | Reached **** piety under Okawaru
  7930 | D:9      | Gained mutation: You are immune to rotting. [demonic ancestry]
  7930 | D:9      | Reached XP level 10. HP: 22/79 MP: 12/12
  8483 | D:10     | Entered Level 10 of the Dungeon
  8483 | D:10     | Found a staircase to the Lair.
  8494 | D:10     | Reached skill level 9 in Unarmed Combat
  8520 | D:10     | Noticed a hill giant
  8534 | D:10     | Killed a hill giant
  8534 | D:10     | Reached skill level 5 in Dodging
  8534 | D:10     | Reached skill level 5 in Shields
  8717 | D:10     | Reached ***** piety under Okawaru
  8833 | D:10     | Killed an unseen horror
  8833 | D:10     | Reached skill level 10 in Unarmed Combat
  8838 | D:10     | Found a sacrificial altar of Ru.
  8944 | Orc:1    | Entered Level 1 of the Orcish Mines
  8944 | Orc:1    | Found Pulei's Antique Weapon Shop.
  8970 | Orc:1    | Gained mutation: You are mostly covered in rugged brown scales (AC +2, +5% HP). [demonic ancestry]
  8970 | Orc:1    | Reached XP level 11. HP: 77/90 MP: 11/13
  9867 | Orc:3    | Noticed an orc warlord
  9901 | Orc:3    | HP: 4/90 [orc warlord/great sword (30)]
  9908 | Orc:3    | Killed an orc warlord
 10188 | Orc:3    | Received a gift from Okawaru
 10253 | Orc:3    | Reached skill level 11 in Unarmed Combat
 10343 | Orc:3    | Got a wavering bronze ring
 10403 | Orc:3    | Got an ivory battleaxe
 10471 | Orc:3    | Paralysed by an orc sorcerer for 7 turns
 11372 | D:7      | Found a sacrificial altar of Ru.
 11434 | D:7      | Reached skill level 1 in Bows
 11966 | Orc:3    | Noticed an orc warlord
 12008 | Orc:2    | Reached skill level 5 in Armour
 12008 | Orc:2    | Gained mutation: You may emit foul miasma when damaged in melee. [demonic ancestry]
 12008 | Orc:2    | Reached XP level 12. HP: 71/99 MP: 13/15
 12229 | Lair:1   | Entered Level 1 of the Lair of Beasts
 12286 | D:10     | Identified the ring "Ixzuipu" {rPois MR+ MP+9 Str+3} (You took it off an orc on level 3 of the Orcish Mines)
 12332 | D:10     | Reached skill level 5 in Invocations
 12521 | Lair:1   | Found an ancient bone altar of Kikubaaqudgha.
 12591 | Lair:1   | Received a gift from Okawaru
 12634 | Lair:1   | Got a smoking war axe
 13742 | Lair:2   | Reached skill level 5 in Bows
 13746 | Lair:2   | Noticed Sonja
 13755 | Lair:2   | Killed Sonja
 14413 | Lair:3   | Got a crude lajatang
 14414 | Lair:3   | Identified the +0 lajatang "Luwn" {slice, rPois rF+ Str-2} (You found it on level 3 of the Lair of Beasts)
 14653 | Lair:3   | Received a gift from Okawaru
 14684 | Lair:3   | Reached skill level 10 in Fighting
 15069 | Lair:3   | Gained mutation: You are completely covered in rugged brown scales (AC +3, +7% HP). [demonic ancestry]
 15069 | Lair:3   | Reached XP level 13. HP: 92/110 MP: 16/16
 15362 | Lair:4   | Received a gift from Okawaru
 15689 | Lair:4   | Received a gift from Okawaru
 17069 | Lair:5   | Found a staircase to the Swamp.
 17100 | Lair:5   | Received a gift from Okawaru
 17107 | Lair:5   | Got an encrusted greatsling {god gift}
 17811 | Lair:6   | Received a gift from Okawaru
 17817 | Lair:6   | Identified a scroll of acquirement
 17820 | Lair:6   | Got a spiked hat
 17831 | Lair:6   | Identified the +2 hat of Gluttony {rF+ rN+} (You acquired it on level 6 of the Lair of Beasts)
 17832 | Lair:6   | Got a spiked ring mail {god gift}
 17843 | Lair:6   | Identified the +2 ring mail of the Lost Spirits {*Drain MR+ rCorr Slay+2} (Okawaru gifted it to you on level 6 of the Lair of Beasts)
 18124 | Lair:6   | Found a staircase to the Snake Pit.
 18440 | Lair:6   | Found a burning altar of Makhleb.
 18454 | Lair:6   | Reached XP level 14. HP: 110/117 MP: 17/17
 18632 | Lair:6   | Lost mutation: Your system is resistant to poisons. [potion of mutation]
 18632 | Lair:6   | Gained mutation: You are robust (+10% HP). [potion of mutation]
 18633 | Lair:6   | Lost mutation: You are robust (+10% HP). [potion of mutation]
 18633 | Lair:6   | Gained mutation: You are somewhat resistant to further mutation. [potion of mutation]
 18703 | Lair:7   | Reached skill level 10 in Dodging
 18927 | Lair:7   | Reached skill level 10 in Bows
 19598 | Lair:8   | Entered Level 8 of the Lair of Beasts
 19718 | Lair:8   | Found a viscous altar of Jiyva.
 19722 | Lair:8   | Found a staircase to the Slime Pits.
 20093 | Lair:8   | Received a gift from Okawaru
 20275 | Lair:8   | Received a gift from Okawaru
 20276 | Lair:8   | Got a transparent robe {god gift}
 20434 | Lair:8   | Learned a level 5 spell: Phase Shift
 21320 | Orc:3    | Killed an orc warlord
 21725 | Orc:2    | Found Camufugo's Gadget Shop.
 21823 | Orc:1    | Found Beawas Oseb's Book Shop.
 22071 | Orc:1    | Found a roughly hewn altar of Beogh.
 22159 | Orc:4    | Entered Level 4 of the Orcish Mines
 22195 | Orc:4    | Reached skill level 12 in Bows
 22289 | Orc:4    | Reached skill level 10 in Armour
 22310 | Orc:4    | Found Namenico's Antique Armour Shoppe.
 22363 | Orc:4    | Found Gival's Antique Armour Shoppe.
 22391 | Orc:4    | Bought a spiked cloak for 228 gold pieces
 22401 | Orc:4    | Identified the cursed +0 cloak of Agnosticism {MP+9} (You bought it in a shop on level 4 of the Orcish Mines)
 22455 | Orc:4    | Noticed an orc warlord
 22492 | Orc:4    | Killed an orc warlord
 22540 | Orc:4    | Found Dufudec's Book Shop.
 22631 | Orc:4    | Bought a runed cloak for 130 gold pieces
 22654 | Orc:4    | Bought a runed cloak for 130 gold pieces
 22680 | Orc:4    | Found Goynogoh's Antique Weapon Shop.
 22726 | Orc:4    | Found Texzi's General Store.
 22727 | Orc:4    | Found a staircase to the Elven Halls.
 22745 | Orc:4    | Gained mutation: You regenerate health from kills. [demonic ancestry]
 22745 | Orc:4    | Reached XP level 15. HP: 90/123 MP: 18/18
 22785 | Orc:4    | Bought a potion of lignification for 39 gold pieces
 22785 | Orc:4    | Bought a scroll of noise for 13 gold pieces
 23286 | D:4      | Bought a manual of Armour for 1324 gold pieces
 23548 | D:11     | Found a large runed door.
 23548 | D:11     | Found a large runed door.
 23736 | D:11     | Noticed Josephine
 23756 | D:11     | Killed Josephine
 23944 | D:11     | Received a gift from Okawaru
 24136 | D:11     | Reached skill level 13 in Bows
 24172 | D:11     | Found a burning altar of Makhleb.
 24295 | D:12     | Found a blossoming altar of Fedhas.
 24357 | D:12     | Found a labyrinth entrance.
 24372 | Lab      | Entered a labyrinth
 24916 | Lab      | Got a bound lapis lazuli ring
 24916 | Lab      | Got a fine robe
 24957 | Lab      | Identified the ring of Nufroydgh {rF+ Str+3 Dex+3 Slay+3} (You found it in a labyrinth)
 25082 | D:12     | Found Fitiupe's Weapon Emporium.
 25165 | D:12     | Received a gift from Okawaru
 25221 | D:12     | Learned a level 1 spell: Apportation
 25274 | D:12     | Received a gift from Okawaru
 25943 | D:13     | Noticed Urug
 25956 | D:13     | Killed Urug
 25994 | D:13     | Noticed Frances
 26016 | D:13     | Killed Frances
 26016 | D:13     | Reached skill level 14 in Bows
 26259 | D:13     | Found a gate to the Vaults.
 26735 | D:13     | Received a gift from Okawaru
 27098 | D:14     | Iwannabefree: sup
 27241 | D:14     | Goblin1989: hi
 27241 | D:14     | Goblin1989: решил в луки поиграть немного
 27241 | D:14     | Goblin1989: зацени что нашел
 27241 | D:14     | Goblin1989: так бы в стандарт играл - когти в одной руке, дверь - в другой
 27325 | D:14     | Received a gift from Okawaru
 27325 | D:14     | Reached skill level 15 in Bows
 27573 | D:14     | Found Dicirrus's Magic Scroll Emporium.
 27581 | D:14     | Bought a scroll of identify for 30 gold pieces
 27929 | D:15     | Entered Level 15 of the Dungeon
 28059 | D:15     | Got a faintly humming leather armour
 28661 | D:15     | Found a staircase to the Depths.
 28737 | D:15     | Reached skill level 16 in Bows
 28742 | D:15     | Reached XP level 16. HP: 102/130 MP: 21/21
 29198 | Lair:5   | Goblin1989: вот в чем проффит гозага - с релеком проблем никаких не возникает
 29198 | Lair:5   | Goblin1989: а вот играю с окавару и думаю как быть
 29198 | Lair:5   | Goblin1989: нету релека пока что
 29198 | Lair:5   | Goblin1989: и артефактов нету пока
 29198 | Lair:5   | Goblin1989: ну, кроме этого наикрутейшего лука
 29198 | Lair:5   | Goblin1989: =totaldur.lg 4tharraofdagon
 29198 | Lair:5   | beem: 12743 games for 4tharraofdagon: 184d+17:18:57
 29198 | Lair:5   | Goblin1989: =totaldur.lg soeti
 29198 | Lair:5   | beem: 2024 games for soeti: 57d+11:22:48
 29198 | Lair:5   | Goblin1989: =totaldur.lg renifell
 29198 | Lair:5   | beem: 279 games for renifell: 5d+10:53:20
 29198 | Lair:5   | Goblin1989: =totaldur.lg goblin1989
 29198 | Lair:5   | beem: 1822 games for goblin1989: 41d+14:09:44
 29198 | Lair:5   | Goblin1989: =totaldur.lg yermak
 29198 | Lair:5   | beem: 3032 games for yermak: 219d+16:43:08
 29198 | Lair:5   | Goblin1989: =totaldur.lg aarujn
 29198 | Lair:5   | beem: 217 games for aarujn: 91d+14:02:55
 29199 | Swamp:1  | Entered Level 1 of the Swamp
 29382 | Swamp:1  | Noticed Aizul
 29394 | Swamp:1  | Killed Aizul
 29609 | Swamp:1  | Noticed Donald
 29637 | Swamp:1  | Killed Donald
 30533 | Swamp:2  | Reached skill level 17 in Bows
 30570 | Swamp:2  | Received a gift from Okawaru
 30919 | Swamp:2  | Noticed Kirke
 31033 | Swamp:2  | Killed Kirke
 31033 | Swamp:2  | Received a gift from Okawaru
 31425 | Swamp:3  | Received a gift from Okawaru
 31468 | Swamp:3  | Got a pitted great sword
 31861 | Swamp:3  | Received a gift from Okawaru
 31967 | Swamp:4  | Entered Level 4 of the Swamp
 32041 | Swamp:4  | Noticed pedritolo's ghost (journeyman SpEn)
 32066 | Swamp:4  | Killed pedritolo's ghost
 32185 | Swamp:4  | Received a gift from Okawaru
 32322 | Swamp:4  | Got a dazzling long sword
 32323 | Swamp:4  | Identified the cursed +3 long sword of Might {freeze, *Drain rC+ Int+2 Dex+2} (You found it on level 4 of the Swamp)
 32402 | Swamp:4  | Received a gift from Okawaru
 32407 | Swamp:4  | Gained mutation: You resist negative energy. [demonic ancestry]
 32407 | Swamp:4  | Reached XP level 17. HP: 136/136 MP: 22/22
 32479 | Swamp:4  | Reached skill level 18 in Bows
 32638 | Swamp:4  | Reached skill level 15 in Armour
 32687 | Swamp:4  | Received a gift from Okawaru
 32788 | Swamp:4  | Got a decaying rune of Zot
 33168 | Snake:1  | Entered Level 1 of the Snake Pit
 33303 | Snake:1  | Received a gift from Okawaru
 33878 | Snake:1  | Learned a level 5 spell: Aura of Abjuration
 34051 | Snake:2  | Found Dorij's Food Emporium.
 34184 | Snake:2  | Received a gift from Okawaru
 34341 | Snake:2  | Found Iddang Bays's Jewellery Emporium.
 34351 | Snake:2  | Found Basitin's Jewellery Shoppe.
 34465 | Snake:2  | Received a gift from Okawaru
 34714 | Snake:2  | Bought the amulet of Vitality {Regen+ HP+15} for 629 gold pieces
 34959 | Snake:2  | Received a gift from Okawaru
 34963 | Snake:2  | Found Saiddipi's Jewellery Shop.
 35469 | Snake:3  | Received a gift from Okawaru
 35600 | Snake:3  | Received a gift from Okawaru
 36116 | Snake:4  | Entered Level 4 of the Snake Pit
 36303 | Snake:4  | Got a slimy scale mail
 36317 | Snake:4  | Reached XP level 18. HP: 147/147 MP: 23/23
 36336 | Snake:3  | Identified the +2 scale mail of Buuheig {rN+ SInv} (You found it on level 4 of the Snake Pit)
 36741 | Snake:4  | Noticed Asterion
 36760 | Snake:4  | Killed Asterion
 36995 | Snake:4  | Reached skill level 19 in Bows
 37010 | Snake:4  | Received a gift from Okawaru
 37236 | Snake:4  | Received a gift from Okawaru
 37251 | Snake:4  | Got a serpentine rune of Zot
 37992 | Vaults:1 | Entered Level 1 of the Vaults
 38181 | Vaults:1 | Reached ****** piety under Okawaru
 38952 | Vaults:1 | Received a gift from Okawaru
 39607 | Vaults:1 | Lost mutation: You can spit weak poison. [mutagenic meat]
 39625 | Vaults:1 | Received a gift from Okawaru
 39936 | Vaults:2 | Reached XP level 19. HP: 156/156 MP: 24/24
 41008 | Vaults:2 | Gained mutation: Your body often deteriorates upon taking damage. [mutagenic meat]
 41012 | Vaults:2 | Gained mutation: You tend to lose your temper in combat. [mutagenic meat]
 41013 | Vaults:2 | Lost mutation: You tend to lose your temper in combat. [potion of cure mutation]
 41013 | Vaults:2 | Lost mutation: You are somewhat resistant to further mutation. [potion of cure mutation]
 41013 | Vaults:2 | Lost mutation: Your body often deteriorates upon taking damage. [potion of cure mutation]
 41013 | Vaults:2 | Lost mutation: Your body sometimes deteriorates upon taking damage. [potion of cure mutation]
 41013 | Vaults:2 | Lost mutation: You have sharp toenails. [potion of cure mutation]
 41014 | Vaults:2 | Gained mutation: Your mind is acute. (Int +2) [potion of beneficial mutation]
 41015 | Vaults:2 | Gained mutation: You are agile. (Dex +2) [potion of beneficial mutation]
 41968 | Vaults:3 | Found a staircase to the Crypt.
 42143 | Vaults:3 | Received a gift from Okawaru
 42143 | Vaults:3 | Reached skill level 20 in Bows
 42908 | Vaults:3 | Found a basalt altar of Yredelemnul.
 43462 | Vaults:4 | Received a gift from Okawaru
 43463 | Vaults:4 | Got a jewelled ring mail {god gift}
 43501 | Vaults:4 | Gained mutation: You are somewhat able to resist unholy torments (1 in 2 success). [demonic ancestry]
 43501 | Vaults:4 | Reached XP level 20. HP: 166/166 MP: 25/25
 44146 | Vaults:4 | Killed from afar by a titan

Action                   |  1- 3 |  4- 6 |  7- 9 | 10-12 | 13-15 | 16-18 | 19-21 || total
-------------------------+-------+-------+-------+-------+-------+-------+-------++-------
Melee: Whip              |   127 |       |       |       |       |       |       ||   127
       Short sword       |     9 |       |       |       |       |       |       ||     9
       Unarmed           |    56 |   205 |   506 |  1001 |  1961 |  1705 |   333 ||  5767
 Fire: Longbow           |       |       |       |     7 |   114 |   525 |   821 ||  1467
Invok: Heroism           |       |     1 |     8 |    25 |    39 |    27 |     4 ||   104
       Finesse           |       |       |       |       |       |     4 |     4 ||     8
Evoke: Wand              |     2 |       |       |     4 |     8 |     3 |       ||    17
  Use: Scroll            |       |       |    10 |     6 |    19 |     4 |     2 ||    41
       Potion            |       |       |     1 |     2 |     6 |     2 |     3 ||    14
 Stab: Sleeping          |       |       |     7 |     4 |       |       |       ||    11
       Distracted        |       |       |     1 |       |       |       |       ||     1
  Eat: Chunk             |     1 |     4 |    14 |    23 |    31 |    37 |    19 ||   129
       Bread ration      |     1 |       |       |       |       |       |       ||     1
       Royal jelly       |       |       |     1 |     1 |       |     2 |       ||     4
       Beef jerky        |       |       |     1 |       |     3 |     2 |       ||     6
       Fruit             |       |       |       |     4 |    14 |     6 |       ||    24
       Pizza             |       |       |       |       |       |     2 |     1 ||     3

Vault maps used:
D:1:      dpeg_arrival_chambers_temple_mockup, due_unseen_surprise
D:2:      minmay_door_square, okawaru_metal_pillars_3, uniq_jessica
D:3:      minmay_goblin_kobold_castle, nicolae_overflow_hidden_temple,
          lemuel_coloured_pillars_altar
D:4:      minmay_door_path, first_bread, serial_shops, shop,
          nicolae_shop_competitors_out_of_business, nicolae_shop_trees, shop
D:5:      nicolae_overflow_crystal_walls, minmay_temple_entry_statues,
          hangedman_decor_slide_cut
D:6:      st_stairs_5, minmay_misc_feat_diagonals, uniq_grinder
D:7:      zin_scriptorium, nicolae_ru_sacrificial_ziggurat,
          cheibrodos_ashenzari_chains, grunt_livestock, abandoned_shop,
          kennysheep_pointless_box
D:8:      nemelex_xobeh_ov_fountains_minmay, led_sif_book, serial_shops, shop,
          nicolae_shop_behind_doors, kennysheep_mini, nicolae_shop_crystal
D:9:      orc_0_dummy, basic_altar, dk_yredelemnul_ordeal, uniq_joseph
D:10:     minmay_twisted_water, lemuel_tele_altar
D:11:     okawaru_arena_lexackson, dk_vineyard_1, bloody_makhleb, uniq_josephine
D:12:     serial_shops, shop, lab_entry_generic, basic_altar
D:13:     lightli_vaults_fourway_checkpoint, patterned_corridor, uniq_urug,
          uniq_frances
D:14:     serial_shops, nicolae_shop_trees
D:15:     grunt_enter_depths_snipers
Lair:1:   basic_altar
Lair:2:   hibernation_bobbens, uniq_sonja
Lair:4:   serial_bayou_shore_a, serial_bayou_shore_b, serial_bayou_shore_b
Lair:5:   swamp_mist, grunt_megastairs_3
Lair:6:   minmay_snake_entry_six_corridors, basic_altar,
          grunt_forest_small_clearing_treed
Lair:8:   grunt_lair_end_beastmaster, slime_altar_1, serial_bayou_lagoon_a
Swamp:1:  serial_swamp_ruin, hangedman_swamp_ruin_hall,
          hangedman_swamp_ruin_wall, infiniplex_staircase_pool, uniq_aizul,
          uniq_donald
Swamp:2:  wheals_swamp_sinkhole, uniq_kirke
Swamp:3:  nicolae_swamp_treefoil
Swamp:4:  grunt_swamp_rune_castle
Snake:2:  serial_shops, shop, shop, nicolae_shop_trees, nicolae_shop_trees
Snake:3:  guppyfry_snake_island
Snake:4:  snake_pit, uniq_asterion
Orc:1:    serial_shops, nicolae_shop_overgrown_old_shop, nicolae_shop_trees,
          david_defended_altar_orc
Orc:2:    minmay_goldmine, serial_shops, shop
Orc:3:    nicolae_orc_pool_cavern, minmay_orc_treasury
Orc:4:    grunt_orc_gardens, grunt_orc_garden, grunt_orc_garden,
          grunt_orc_garden, grunt_orc_garden, serial_shops,
          nicolae_shop_waterfront
Vaults:1: v_misc_11, v_misc_5, ontoclasm_vaults_ring_large,
          vaults_room_door_hall, ontoclasm_vaults_hangar, v_misc_19,
          vaults_room_door_hall, hangedman_vaults_cutoff
Vaults:2: hangedman_vaults_snaps, grunt_vaults_diagonal,
          dpeg_vaults_monster_box, vaults_dpeg_ring,
          nicolae_vaults_angled_halls, vaults_room_corners,
          nicolae_vaults_little_squares_2
Vaults:3: minmay_crypt_entry_vampire_xt, vaults_standard_mumra_x,
          nicolae_vaults_border_crossing, nicolae_vaults_shelves_hall,
          hangedman_vaults_cutoff, vaults_room_boxed, v_misc_12,
          nicolae_vaults_an_arrangement, ontoclasm_vaults_shuriken,
          v_alt_pattern_6, vaults_room_semicircle, v_misc_14, basic_altar
Vaults:4: vaults_room_pools, v_alt_pattern_2, vaults_room_hallway, v_rooms_3,
          st_greater_box_5, v_pattern_4, ontoclasm_vaults_loading_screen,
          ontoclasm_vaults_claustrophobia, nicolae_vaults_twisting_passages,
          v_misc_9, vaults_mumra_chevron_long, ontoclasm_vaults_chip
Lab:      labyrinth_hidden_loot
